TOP OF THE 1ST |
Oklahoma City HS Magicians batting - Pitching for Bishop Amat HS : LHP Ryan Sawyer
|
Pitching: LHP Ryan Sawyer
|
|
Batting: LHB Pablo Fuentes
|
0-0: Called Strike 0-1: Swinging Strike 0-2: Ball 1-2: Ball 2-2: Ball 3-2: Strikes out looking
|
Batting: SHB Ron Robinson
|
0-0: Foul Ball, location: 2F 0-1: Swinging Strike 0-2: Strikes out swinging
|
Batting: RHB Drew Richardson
|
0-0: Swinging Strike 0-1: Foul Ball, location: 2F 0-2: Ball 1-2: Strikes out swinging
|
Top of the 1st over - 0 runs, 0 hits, 0 errors, 0 left on base; Oklahoma City HS 0 - Bishop Amat HS 0 |
BOTTOM OF THE 1ST |
Bishop Amat HS batting - Pitching for Oklahoma City HS Magicians : RHP Willie Bates
|
Pitching: RHP Willie Bates
|
|
Batting: RHB Geoffrey Bishop
|
0-0: Ball 1-0: Swinging Strike 1-1: Ball 2-1: Foul Ball, location: 2F 2-2: Ball 3-2: Base on Balls
|
Batting: RHB José Cruz
|
0-0: Ball 1-0: Ball 2-0: Ball 3-0: Base on Balls Geoffrey Bishop to second
|
Batting: SHB Bill Ríos
|
0-0: Ball 1-0: Ball 2-0: Ball 3-0: Base on Balls Geoffrey Bishop to third José Cruz to second
|
Batting: RHB George Guppy
|
0-0: Fly out, F8 (Flyball, 8RS) Runner from 3rd tags up, SCORES, no throw
|
Batting: RHB Bill Bailey
|
0-0: SINGLE (Line Drive, 34) José Cruz to third Bill Ríos to second
|
Batting: RHB Josh Curry
|
0-0: Called Strike 0-1: Ball 1-1: Ball 2-1: Swinging Strike 2-2: Foul Ball, location: 2F 2-2: Strikes out swinging
|
Batting: RHB Víctor Espinoza
|
0-0: Called Strike 0-1: Swinging Strike 0-2: Strikes out swinging
|
Bottom of the 1st over - 1 run, 1 hit, 0 errors, 3 left on base; Oklahoma City HS 0 - Bishop Amat HS 1 |
TOP OF THE 2ND |
Oklahoma City HS Magicians batting - Pitching for Bishop Amat HS : LHP Ryan Sawyer
|
Batting: LHB Marcus Hussey
|
0-0: Ball 1-0: Foul Ball, location: 2F 1-1: Foul Ball, location: 2F 1-2: Strikes out swinging
|
Batting: RHB Edward Allen
|
0-0: Ball 1-0: Ground out U3 (Groundball, 34)
|
Batting: LHB Todd Davis
|
0-0: Called Strike 0-1: Foul Ball, location: 2F 0-2: Ball 1-2: Ball 2-2: Strikes out looking
|
Top of the 2nd over - 0 runs, 0 hits, 0 errors, 0 left on base; Oklahoma City HS 0 - Bishop Amat HS 1 |
BOTTOM OF THE 2ND |
Bishop Amat HS batting - Pitching for Oklahoma City HS Magicians : RHP Willie Bates
|
Batting: SHB Aubrey Robinson
|
0-0: Swinging Strike 0-1: Bunt missed! 0-2: Ball 1-2: Foul Ball, location: 2F 1-2: Ball 2-2: Foul Ball, location: 2F 2-2: Foul Ball, location: 2F 2-2: Fly out, F7 (Flyball, 7S)
|
Batting: SHB Marcos Cardona
|
0-0: Called Strike 0-1: SINGLE (Groundball, 4MD)
|
Batting: RHB Geoffrey Bishop
|
0-0: Ball 1-0: Ball 2-0: Ball Wild Pitch! Marcos Cardona to second 3-0: Called Strike 3-1: Ground out U3 (Groundball, 34) Marcos Cardona to third
|
Batting: RHB José Cruz
|
0-0: Called Strike 0-1: Swinging Strike 0-2: SINGLE (Line Drive, 89M) Marcos Cardona scores
|
Batting: SHB Bill Ríos
|
0-0: Called Strike 0-1: Ball 1-1: Ball 2-1: Foul Ball, location: 2F 2-2: Ball Wild Pitch! José Cruz to second 3-2: Base on Balls
|
Batting: RHB George Guppy
|
0-0: Ball 1-0: Ball 2-0: Called Strike 2-1: Ball 3-1: Foul Ball, location: 2F 3-2: Base on Balls José Cruz to third Bill Ríos to second
|
Batting: RHB Bill Bailey
|
0-0: Ball 1-0: Ball 2-0: Ball 3-0: Base on Balls José Cruz scores Bill Ríos to third George Guppy to second
|
Batting: RHB Josh Curry
|
0-0: Foul Ball, location: 2F 0-1: Ball 1-1: Foul Ball, location: 2F 1-2: Foul Ball, location: 2F 1-2: Ball 2-2: Ground out 6-3 (Groundball, 6M)
|
Bottom of the 2nd over - 2 runs, 2 hits, 0 errors, 3 left on base; Oklahoma City HS 0 - Bishop Amat HS 3 |
TOP OF THE 3RD |
Oklahoma City HS Magicians batting - Pitching for Bishop Amat HS : LHP Ryan Sawyer
|
Batting: RHB Mark Wortham
|
0-0: Ball 1-0: Ball 2-0: Called Strike 2-1: Ground out U3 (Groundball, 34S)
|
Batting: LHB Jason Thomas
|
0-0: Ball 1-0: Called Strike 1-1: Ball 2-1: Ground out 4-3 (Groundball, 4)
|
Batting: LHB Brian Bennett
|
0-0: Called Strike 0-1: SINGLE (Flyball, 89S)
|
Batting: LHB Pablo Fuentes
|
0-0: Called Strike 0-1: Ball 1-1: Ball 2-1: Swinging Strike 2-2: Ball 3-2: Strikes out swinging
|
Top of the 3rd over - 0 runs, 1 hit, 0 errors, 1 left on base; Oklahoma City HS 0 - Bishop Amat HS 3 |
BOTTOM OF THE 3RD |
Bishop Amat HS batting - Pitching for Oklahoma City HS Magicians : RHP Willie Bates
|
Batting: RHB Víctor Espinoza
|
0-0: Called Strike 0-1: Foul Ball, location: 2F 0-2: Ball 1-2: Strikes out looking
|
Batting: SHB Aubrey Robinson
|
0-0: Called Strike 0-1: Called Strike 0-2: Ball 1-2: Strikes out swinging
|
Batting: SHB Marcos Cardona
|
0-0: Ball 1-0: Called Strike 1-1: Foul Ball, location: 2F 1-2: Strikes out swinging
|
Bottom of the 3rd over - 0 runs, 0 hits, 0 errors, 0 left on base; Oklahoma City HS 0 - Bishop Amat HS 3 |
TOP OF THE 4TH |
Oklahoma City HS Magicians batting - Pitching for Bishop Amat HS : LHP Ryan Sawyer
|
Batting: SHB Ron Robinson
|
0-0: Called Strike 0-1: Swinging Strike 0-2: Foul Ball, location: 2F 0-2: Ball 1-2: Ball 2-2: Strikes out swinging
|
Batting: RHB Drew Richardson
|
0-0: Ball 1-0: Called Strike 1-1: SINGLE (Flyball, 7S)
|
Batting: LHB Marcus Hussey
|
0-0: SINGLE (Line Drive, 3D) Drew Richardson to second
|
Batting: RHB Edward Allen
|
0-0: Grounds into double play, 6-4-3 (Groundball, 6)
|
Top of the 4th over - 0 runs, 2 hits, 0 errors, 1 left on base; Oklahoma City HS 0 - Bishop Amat HS 3 |
BOTTOM OF THE 4TH |
Bishop Amat HS batting - Pitching for Oklahoma City HS Magicians : RHP Willie Bates
|
Batting: RHB Geoffrey Bishop
|
0-0: Ball 1-0: Foul Ball, location: 2F 1-1: Ball 2-1: Ball 3-1: DOUBLE (Line Drive, 89D)
|
Pitching: RHP António Quintero
|
|
Batting: RHB José Cruz
|
0-0: Called Strike 0-1: Ball 1-1: Ball 2-1: Swinging Strike 2-2: Ball 3-2: Base on Balls
|
Batting: SHB Bill Ríos
|
0-0: Foul Ball, location: 2F 0-1: Ball 1-1: Ground out 3-1 (Groundball, 34S) Geoffrey Bishop to third José Cruz to second
|
Batting: RHB George Guppy
|
0-0: Ball 1-0: Foul Ball, location: 2F 1-1: Ball 2-1: Fly out, F4 (Line Drive, 34) Lined into DP, 4-6 (Line Drive, 34)
|
Bottom of the 4th over - 0 runs, 1 hit, 0 errors, 1 left on base; Oklahoma City HS 0 - Bishop Amat HS 3 |
TOP OF THE 5TH |
Oklahoma City HS Magicians batting - Pitching for Bishop Amat HS : LHP Ryan Sawyer
|
Batting: LHB Todd Davis
|
0-0: Ball 1-0: Called Strike 1-1: Ball 2-1: Called Strike 2-2: Ball 3-2: Strikes out looking
|
Batting: RHB Mark Wortham
|
0-0: Ball 1-0: Called Strike 1-1: Called Strike 1-2: Strikes out swinging
|
Batting: LHB Jason Thomas
|
0-0: Foul Ball, location: 2F 0-1: Foul Ball, location: 2F 0-2: Foul Ball, location: 2F 0-2: Strikes out swinging
|
Top of the 5th over - 0 runs, 0 hits, 0 errors, 0 left on base; Oklahoma City HS 0 - Bishop Amat HS 3 |
BOTTOM OF THE 5TH |
Bishop Amat HS batting - Pitching for Oklahoma City HS Magicians : RHP António Quintero
|
Batting: RHB Bill Bailey
|
0-0: Called Strike 0-1: Hit by Pitch
|
Pinch Runner at 1st Robbie Davis:
|
|
Batting: RHB Josh Curry
|
0-0: Ball 1-0: Foul Ball, location: 2F 1-1: Foul Ball, location: 2F 1-2: Foul Ball, location: 2F 1-2: Foul Ball, location: 2F 1-2: Ball 2-2: Fly out, F5 (Line Drive, 5S)
|
Batting: RHB Víctor Espinoza
|
0-0: Called Strike 0-1: Swinging Strike 0-2: Ball 1-2: Ball 2-2: Foul Ball, location: 2F 2-2: Strikes out swinging
|
Batting: SHB Aubrey Robinson
|
0-0: Called Strike 0-1: Ball 1-1: Ball Wild Pitch! Robbie Davis to second 2-1: Swinging Strike 2-2: Ground out 4-3 (Groundball, 4)
|
Bottom of the 5th over - 0 runs, 0 hits, 0 errors, 1 left on base; Oklahoma City HS 0 - Bishop Amat HS 3 |
TOP OF THE 6TH |
Oklahoma City HS Magicians batting - Pitching for Bishop Amat HS : LHP Ryan Sawyer
|
Now at C: Robbie Davis
|
|
Batting: LHB Brian Bennett
|
0-0: Foul Ball, location: 2F 0-1: Called Strike 0-2: Ball 1-2: Strikes out swinging
|
Batting: LHB Pablo Fuentes
|
0-0: Ball 1-0: Ball 2-0: Called Strike 2-1: Ground out U3 (Groundball, 3S)
|
Batting: SHB Ron Robinson
|
0-0: Ball 1-0: Called Strike 1-1: Ground out 4-3 (Groundball, 4)
|
Top of the 6th over - 0 runs, 0 hits, 0 errors, 0 left on base; Oklahoma City HS 0 - Bishop Amat HS 3 |
BOTTOM OF THE 6TH |
Bishop Amat HS batting - Pitching for Oklahoma City HS Magicians : RHP António Quintero
|
Batting: SHB Marcos Cardona
|
0-0: Called Strike 0-1: Ball 1-1: Ball 2-1: Ball 3-1: Base on Balls
|
Batting: RHB Geoffrey Bishop
|
0-0: Called Strike 0-1: SINGLE (Line Drive, 7LM) Marcos Cardona to second
|
Pitching: RHP Ronald Williams
|
|
Batting: RHB José Cruz
|
0-0: Ball 1-0: SINGLE (Flyball, 78S) Marcos Cardona to third Geoffrey Bishop to second Runner from 3rd tries for Home, SAFE, no throw
|
Pitching: RHP Juan González
|
|
Batting: SHB Bill Ríos
|
0-0: Ball Geoffrey Bishop is caught stealing 3rd base 1-0: Reached on error, E6 (Groundball, 6) José Cruz to second
|
Batting: RHB George Guppy
|
0-0: Foul Ball, location: 2F 0-1: Ball 1-1: Ball 2-1: Foul Ball, location: 2F 2-2: Ball 3-2: Strikes out swinging
|
Batting: RHB Robbie Davis
|
0-0: TRIPLE (Flyball, 9D) José Cruz scores Bill Ríos scores
|
Batting: RHB Josh Curry
|
0-0: Ball 1-0: Fly out, F8 (Flyball, 8RD)
|
Bottom of the 6th over - 3 runs, 3 hits, 1 error, 1 left on base; Oklahoma City HS 0 - Bishop Amat HS 6 |
TOP OF THE 7TH |
Oklahoma City HS Magicians batting - Pitching for Bishop Amat HS : LHP Ryan Sawyer
|
Batting: RHB Drew Richardson
|
0-0: Called Strike 0-1: SINGLE (Groundball, 34S) (infield hit)
|
Batting: LHB Marcus Hussey
|
0-0: Ball 1-0: Ball 2-0: SINGLE (Flyball, 8RS) Drew Richardson to second
|
Pitching: LHP Miguel Suárez
|
|
Batting: RHB Edward Allen
|
0-0: Called Strike 0-1: Ball 1-1: Foul Ball, location: 2F 1-2: Ball 2-2: Fielders Choice at 2nd, 4-6 (Groundball, 4) Drew Richardson to third
|
Batting: LHB Todd Davis
|
0-0: Called Strike 0-1: Ball 1-1: Called Strike 1-2: Fly out, F8 (Flyball, 8RM) Runner from 3rd tags up, SCORES, throw made
|
Batting: RHB Mark Wortham
|
0-0: Foul Ball, location: 2F 0-1: Called Strike 0-2: Strikes out looking
|
Top of the 7th over - 1 run, 2 hits, 0 errors, 1 left on base; Oklahoma City HS 1 - Bishop Amat HS 6 |
BOTTOM OF THE 7TH |
Bishop Amat HS batting - Pitching for Oklahoma City HS Magicians : RHP Juan González
|
Batting: RHB Víctor Espinoza
|
0-0: Called Strike 0-1: Ball 1-1: Ball 2-1: Ground out 1-3 (Groundball, P)
|
Batting: SHB Aubrey Robinson
|
0-0: Swinging Strike 0-1: Ball 1-1: Ball 2-1: Ball 3-1: Base on Balls
|
Batting: SHB Marcos Cardona
|
0-0: Called Strike 0-1: Ball Aubrey Robinson is caught stealing 2nd base 1-1: SINGLE (Line Drive, 56D)
|
Batting: RHB Geoffrey Bishop
|
0-0: Swinging Strike 0-1: Swinging Strike 0-2: Ball 1-2: Ball 2-2: Strikes out looking
|
Bottom of the 7th over - 0 runs, 1 hit, 0 errors, 1 left on base; Oklahoma City HS 1 - Bishop Amat HS 6 |
TOP OF THE 8TH |
Oklahoma City HS Magicians batting - Pitching for Bishop Amat HS : LHP Miguel Suárez
|
Now at 3B: Manuel Díaz
|
|
Batting: LHB Jason Thomas
|
0-0: Ball 1-0: Ball 2-0: Fly out, F8 (Flyball, 8LM)
|
Batting: LHB Brian Bennett
|
0-0: Ball 1-0: Called Strike 1-1: Foul Ball, location: 2F 1-2: Ball 2-2: Ball 3-2: Base on Balls
|
Batting: LHB Pablo Fuentes
|
0-0: Ball 1-0: Foul Ball, location: 2F 1-1: Ball 2-1: Foul Ball, location: 2F 2-2: Strikes out swinging
|
Batting: SHB Ron Robinson
|
0-0: Called Strike 0-1: Swinging Strike 0-2: Strikes out swinging
|
Top of the 8th over - 0 runs, 0 hits, 0 errors, 1 left on base; Oklahoma City HS 1 - Bishop Amat HS 6 |
BOTTOM OF THE 8TH |
Bishop Amat HS batting - Pitching for Oklahoma City HS Magicians : RHP Juan González
|
Batting: RHB José Cruz
|
0-0: Called Strike 0-1: Foul Ball, location: 2F 0-2: Ball 1-2: Ball 2-2: Foul Ball, location: 2F 2-2: Ground out 6-3 (Groundball, 6)
|
Batting: SHB Bill Ríos
|
0-0: Called Strike 0-1: SINGLE (Groundball, 4D)
|
Batting: RHB George Guppy
|
0-0: Ball 1-0: Foul Ball, location: 2F 1-1: Swinging Strike 1-2: Foul Ball, location: 2F 1-2: Strikes out swinging
|
Batting: RHB Robbie Davis
|
0-0: Ball 1-0: Called Strike 1-1: Swinging Strike 1-2: Ball 2-2: Foul Ball, location: 2F 2-2: Ball 3-2: Strikes out swinging
|
Bottom of the 8th over - 0 runs, 1 hit, 0 errors, 1 left on base; Oklahoma City HS 1 - Bishop Amat HS 6 |
TOP OF THE 9TH |
Oklahoma City HS Magicians batting - Pitching for Bishop Amat HS : LHP Miguel Suárez
|
Now in LF: Ralph King
|
|
Batting: RHB Drew Richardson
|
0-0: Ball 1-0: Called Strike 1-1: Ball 2-1: Foul Ball, location: 2F 2-2: Ground out 5-3 (Groundball, 56)
|
Batting: LHB Marcus Hussey
|
0-0: Foul Ball, location: 2F 0-1: Foul Ball, location: 2F 0-2: Ball 1-2: Ball 2-2: Ball 3-2: Ground out 6-3 (Groundball, 6M)
|
Batting: RHB Edward Allen
|
0-0: Swinging Strike 0-1: Ball 1-1: Ball 2-1: SINGLE (Line Drive, 4MD)
|
Batting: LHB Todd Davis
|
0-0: Ground out 4-3 (Groundball, 4)
|
Top of the 9th over - 0 runs, 1 hit, 0 errors, 1 left on base; Oklahoma City HS 1 - Bishop Amat HS 6 |
|